National vs Sewer Rats
(R1)
Created - 11 septembre 2014 at 19:04
Simulating a Pre-Season
Goals
|
National |
0 |
3 |
0 |
3 |
Sewer Rats |
2 |
4 |
3 |
9 |
|
Shots
|
National |
9 |
14 |
7 |
30 |
Sewer Rats |
8 |
20 |
10 |
38 |
|
1st period
1. Sewer Rats , Jason Williams 2 (Max Pacioretty) at 15:03
2. Sewer Rats , Kyle Turris 2 (Vojtech Polak, John-Michael Liles) at 18:05
Penalties :
Sergei Andronov (Que) for Hooking (Minor) at 2:09, Patrick Bordeleau (Tol) for Hooking (Minor) at 4:44, Guillaume Desbiens (Que) for Hooking (Minor) at 9:32, John-Michael Liles (Tol) for Tripping (Minor) at 15:40
2nd period
3. Sewer Rats , Mark Mancari 2 (Ville Leino, John-Michael Liles) at 0:32
4. Sewer Rats , Derek Dorsett 1 (Kyle Turris, Vojtech Polak) at 8:15
5. National , David Desharnais 3 (Dustin Kohn, Pat Dwyer) at 14:36 (PP)
6. National , Mikael Backlund 4 (Guillaume Desbiens) at 14:56 (PP)
7. Sewer Rats , Mark Mancari 3 (Brandon Sutter, Ville Leino) at 15:06
8. National , Guillaume Desbiens 2 (Mikael Backlund, Pasi Salonen) at 15:28
9. Sewer Rats , Kyle Okposo 1 (Jason Williams, Max Pacioretty) at 17:40
Penalties :
Jonathan Paiement (Tol) for Holding (Minor) at 3:25, Kyle Okposo (Tol) for Hooking (Minor) at 8:38, Ville Leino (Tol) for Tripping (Minor) at 14:00, Max Pacioretty (Tol) for Hooking (Minor) at 14:51
3rd period
10. Sewer Rats , Mark Mancari 4 (Ville Leino, John-Michael Liles) at 1:41 (PP)
11. Sewer Rats , Kyle Quincey 1 (Ville Leino, Brandon Sutter) at 2:50
12. Sewer Rats , Vojtech Polak 1 (Derek Dorsett, John-Michael Liles) at 9:50
Penalties :
Cédric Lalonde-McNicoll (Que) for Roughing (Minor) at 0:54, Denis Bodrov (Que) for Interference (Minor) at 7:39
Goalie Stats
Tyler Plante (Que), 10 saves from 14 shots - (0,714), 14:35 minutes
Keith Kinkaid (Que), 19 saves from 24 shots - (0,792), L, 1-1-0, 45:25 minutes
Semyon Varlamov (Tol), 27 saves from 30 shots - (0,900), W, 1-1-1, 60:00 minutes
Players Stats for National
Player Name G A P +/- PIM S H SB GA TA FO MP PP MP PK MP
------------------------------------------------------------------------------------
Cédric Lalonde-McNicoll 0 0 0 -3 2 0 1 2 1 0 2/4 8:29 0:00 0:00
Chris Mueller 0 0 0 -2 0 0 1 0 1 0 0/2 7:52 0:00 0:00
David Desharnais 1 0 1 -2 0 4 3 0 0 0 4/16 18:19 4:03 2:00
Denis Bodrov 0 0 0 -2 2 0 1 0 0 1 0/0 25:54 5:16 2:53
Dustin Kohn 0 1 1 -2 0 1 2 0 1 0 0/0 27:16 5:16 4:14
Erik Gustafsson 0 0 0 -2 0 0 0 1 0 0 0/0 11:03 0:00 0:00
Guillaume Desbiens 1 1 2 0 2 3 1 1 1 0 0/2 20:34 4:34 0:00
Igor Makarov 0 0 0 -2 0 1 0 0 1 0 0/0 8:56 0:00 0:47
Johannes Salmonsson 0 0 0 -3 0 3 0 1 0 1 0/0 8:42 0:03 0:09
Kristoffer Berglund 0 0 0 -2 0 0 0 1 0 0 0/0 12:26 0:00 1:21
Magnus Paajarvi-Svensson 0 0 0 -2 0 3 2 0 0 0 0/1 19:07 4:00 2:34
Mikael Backlund 1 1 2 0 0 4 0 0 0 2 13/36 24:18 4:34 4:00
Pasi Salonen 0 1 1 0 0 1 3 0 1 0 0/0 20:18 4:34 0:00
Pat Dwyer 0 1 1 -2 0 4 3 0 0 0 0/2 16:10 4:00 0:00
Philip Larsen 0 0 0 -3 0 1 1 0 0 0 0/0 21:41 3:21 2:30
Rico Fata 0 0 0 -2 0 3 4 1 0 0 0/0 11:50 0:00 3:58
Sergei Andronov 0 0 0 -3 2 0 0 1 0 0 0/0 8:36 0:03 0:00
Ty Wishart 0 0 0 -3 0 2 1 1 0 1 0/0 21:41 3:21 2:30
Players Stats for Sewer Rats
Player Name G A P +/- PIM S H SB GA TA FO MP PP MP PK MP
------------------------------------------------------------------------------------
Brandon Sutter 0 2 2 3 0 1 0 0 0 0 14/19 16:35 3:09 0:00
Derek Dorsett 1 1 2 2 0 2 1 0 0 0 0/0 8:26 0:00 0:00
Jason Williams 1 1 2 1 0 4 1 1 3 0 24/34 24:28 3:35 4:34
John Erskine 0 0 0 4 0 0 2 1 0 0 0/0 23:09 2:51 2:57
John-Michael Liles 0 4 4 3 2 2 2 1 0 0 0/0 26:50 3:53 4:20
Jonathan Paiement 0 0 0 1 2 0 0 0 0 0 0/0 11:22 0:00 0:36
Jordan Caron 0 0 0 0 0 0 0 0 0 0 0/0 6:02 0:00 0:00
Kyle Okposo 1 0 1 1 2 2 2 1 0 0 1/1 21:19 3:35 2:04
Kyle Quincey 1 0 1 3 0 4 1 1 1 0 0/0 27:06 3:53 5:40
Kyle Turris 1 1 2 3 0 1 1 0 0 1 4/7 10:57 0:00 2:05
Lars Eller 0 0 0 0 0 1 0 0 0 0 0/0 6:02 0:00 0:00
Mark Mancari 3 0 3 3 0 12 3 0 0 0 0/0 16:35 3:09 0:00
Matt Lashoff 0 0 0 3 0 1 0 1 0 2 0/0 22:16 2:51 2:57
Mattias Ekholm 0 0 0 0 0 0 0 0 0 0 0/0 0:00 0:00 0:00
Max Pacioretty 0 2 2 1 2 3 3 0 0 1 1/2 24:22 3:35 4:29
Patrick Bordeleau 0 0 0 0 2 0 0 0 0 1 0/0 6:03 0:00 0:00
Steven Kampfer 0 0 0 1 0 0 3 1 0 1 0/0 10:17 0:00 0:44
Ville Leino 0 4 4 3 2 1 1 1 1 0 0/0 20:10 3:09 3:36
Vojtech Polak 1 2 3 3 0 4 0 0 0 0 0/0 9:18 0:00 0:26
3 Stars
1 - Mark Mancari (Tol)
2 - Vojtech Polak (Tol)
3 - John-Michael Liles (Tol)
Power Play
National - 2 on 6 Attempt(s) - 33,33%
Sewer Rats - 1 on 4 Attempt(s) - 25,00%
Penalty Kill
National - 3 on 4 Attempt(s) - 75,00%
- Score 0 goal in Penalty Kill
Sewer Rats - 4 on 6 Attempt(s) - 66,67%
- Score 0 goal in Penalty Kill
Official
Referees : Furlatt Eric and Jackson Dave
Linesman : Mark Pare and Don Henderson
Game Notes
Tyler Plante enters game at 8:15 of 2nd period
Mark Mancari has scored a Hat Trick!
Keith Kinkaid enters game at 2:50 of 3rd period
National
5 vs 5 Forward
Center Left Wing Right Wing Time % Phy DF OF
1 Mikael Backlund Pasi Salonen Guillaume Desbiens 40 1 2 2
2 David Desharnais Magnus Paajarvi-Svensson Pat Dwyer 30 1 2 2
3 Chris Mueller Rico Fata Igor Makarov 20 1 2 2
4 Cédric Lalonde-McNicoll Johannes Salmonsson Sergei Andronov 10 1 2 2
5 vs 5 Defense
Defense Defense Time % Phy DF OF
1 Dustin Kohn Denis Bodrov 40 1 2 2
2 Philip Larsen Ty Wishart 30 1 2 2
3 Erik Gustafsson Kristoffer Berglund 20 1 2 2
4 Dustin Kohn Denis Bodrov 10 1 2 2
PowerPlay Forward
Center Left Wing Right Wing Time % Phy DF OF
1 Mikael Backlund Pasi Salonen Guillaume Desbiens 60 1 2 2
2 David Desharnais Magnus Paajarvi-Svensson Pat Dwyer 40 1 2 2
PowerPlay Defense
Defense Defense Time % Phy DF OF
1 Dustin Kohn Denis Bodrov 60 1 2 2
2 Philip Larsen Ty Wishart 40 1 2 2
Penalty Kill 4 Players Forward
Center Wing Time % Phy DF OF
1 Mikael Backlund Rico Fata 60 1 2 2
2 David Desharnais Magnus Paajarvi-Svensson 40 1 2 2
Penalty Kill 4 Players Defense
Defense Defense Time % Phy DF OF
1 Dustin Kohn Denis Bodrov 60 1 2 2
2 Philip Larsen Ty Wishart 40 1 2 2
Penalty Kill - 3 Players Forward
Forward Time % Phy DF OF
1 Mikael Backlund 60 1 2 2
2 David Desharnais 40 1 2 2
Penalty Kill - 3 Players Defense
Defense Defense Time % Phy DF OF
1 Dustin Kohn Denis Bodrov 60 1 2 2
2 Philip Larsen Ty Wishart 40 1 2 2
4 vs 4 Forward
Center Wing Time % Phy DF OF
1 Mikael Backlund Pasi Salonen 60 1 2 2
2 David Desharnais Magnus Paajarvi-Svensson 40 1 2 2
4 vs 4 Defense
Defense Defense Time % Phy DF OF
1 Dustin Kohn Denis Bodrov 60 1 2 2
2 Philip Larsen Ty Wishart 40 1 2 2
Last Minutes Offensive
Center Left Wing Right Wing Defense Defense
Mikael Backlund Pasi Salonen Guillaume Desbiens Dustin Kohn Denis Bodrov
Last Minutes Defensive
Center Left Wing Right Wing Defense Defense
Mikael Backlund Pasi Salonen Guillaume Desbiens Dustin Kohn Denis Bodrov
Goaltenders
Starting : Keith Kinkaid
Backup : Tyler Plante
Extra Forwards
Normal : Magnus Paajarvi-Svensson, Mikael Backlund, Igor Makarov - PP : Magnus Paajarvi-Svensson, Mikael Backlund - PK : Igor Makarov
Extra Defensemen
Normal : Erik Gustafsson, Kristoffer Berglund, Philip Larsen - PP : Erik Gustafsson - PK : Kristoffer Berglund, Philip Larsen
Penalty Shots
Pasi Salonen, Rico Fata, Guillaume Desbiens, Mikael Backlund, Johannes Salmonsson
Sewer Rats
5 vs 5 Forward
Center Left Wing Right Wing Time % Phy DF OF
1 Jason Williams Max Pacioretty Kyle Okposo 40 1 2 2
2 Brandon Sutter Ville Leino Mark Mancari 30 1 2 2
3 Kyle Turris Vojtech Polak Derek Dorsett 20 1 2 2
4 Lars Eller Patrick Bordeleau Jordan Caron 10 1 2 2
5 vs 5 Defense
Defense Defense Time % Phy DF OF
1 Matt Lashoff John-Michael Liles 40 1 2 2
2 John Erskine Kyle Quincey 30 1 2 2
3 Jonathan Paiement Steven Kampfer 20 1 2 2
4 Jonathan Paiement John-Michael Liles 10 1 2 2
PowerPlay Forward
Center Left Wing Right Wing Time % Phy DF OF
1 Jason Williams Max Pacioretty Kyle Okposo 60 1 2 2
2 Brandon Sutter Ville Leino Mark Mancari 40 1 2 2
PowerPlay Defense
Defense Defense Time % Phy DF OF
1 Kyle Quincey John-Michael Liles 60 1 2 2
2 John Erskine Matt Lashoff 40 1 2 2
Penalty Kill 4 Players Forward
Center Wing Time % Phy DF OF
1 Jason Williams Max Pacioretty 60 1 2 2
2 Ville Leino Kyle Okposo 40 1 2 2
Penalty Kill 4 Players Defense
Defense Defense Time % Phy DF OF
1 Kyle Quincey John-Michael Liles 60 1 2 2
2 John Erskine Matt Lashoff 40 1 2 2
Penalty Kill - 3 Players Forward
Forward Time % Phy DF OF
1 Jason Williams 60 1 2 2
2 Max Pacioretty 40 1 2 2
Penalty Kill - 3 Players Defense
Defense Defense Time % Phy DF OF
1 Kyle Quincey John-Michael Liles 60 1 2 2
2 John Erskine Matt Lashoff 40 1 2 2
4 vs 4 Forward
Center Wing Time % Phy DF OF
1 Jason Williams Max Pacioretty 60 1 2 2
2 Ville Leino Kyle Okposo 40 1 2 2
4 vs 4 Defense
Defense Defense Time % Phy DF OF
1 Kyle Quincey John-Michael Liles 60 1 2 2
2 John Erskine Matt Lashoff 40 1 2 2
Last Minutes Offensive
Center Left Wing Right Wing Defense Defense
Jason Williams Max Pacioretty Kyle Okposo Matt Lashoff John-Michael Liles
Last Minutes Defensive
Center Left Wing Right Wing Defense Defense
Jason Williams Max Pacioretty Kyle Okposo Matt Lashoff John-Michael Liles
Goaltenders
Starting : Semyon Varlamov
Backup : Jhonas Enroth
Extra Forwards
Normal : Vojtech Polak, Derek Dorsett, Kyle Turris - PP : Vojtech Polak, Derek Dorsett - PK : Kyle Turris
Extra Defensemen
Normal : Kyle Quincey, Steven Kampfer, Jonathan Paiement - PP : Kyle Quincey - PK : Steven Kampfer, Jonathan Paiement
Penalty Shots
Jason Williams, Max Pacioretty, Ville Leino, Kyle Okposo, Vojtech Polak
% Time on Ice - National
Lines # - Real PCT - Wanted PCT - Time Play
Normal Forward
1 - 36% - 40% - 16:01
2 - 27% - 30% - 12:16
3 - 18% - 20% - 7:52
4 - 19% - 10% - 8:30
Normal Defense
1 - 40% - 40% - 17:46
2 - 35% - 30% - 15:50
3 - 25% - 20% - 11:03
4 - 0% - 10% - 0:00
PP Forward
1 - 53% - 60% - 4:34
2 - 47% - 40% - 4:03
PP Defense
1 - 61% - 60% - 5:16
2 - 39% - 40% - 3:21
PK Forward
1 - 70% - 60% - 4:44
2 - 30% - 40% - 2:00
PK Defense
1 - 63% - 60% - 4:14
2 - 37% - 40% - 2:30
PK3 Forward
1 - 0% - 60%
2 - 0% - 40%
PK3 Defense
1 - 0% - 60%
2 - 0% - 40%
44 Forward
1 - 0% - 60%
2 - 0% - 40%
44 Defense
1 - 0% - 60%
2 - 0% - 40%
Last Minute Offensive - 0:00
Last Minute Defensive - 0:00
Total
Forward - 60:00
Defense - 60:00
|
% Time on Ice - Sewer Rats
Lines # - Real PCT - Wanted PCT - Time Play
Normal Forward
1 - 38% - 40% - 16:45
2 - 30% - 30% - 13:26
3 - 19% - 20% - 8:26
4 - 14% - 10% - 6:02
Normal Defense
1 - 41% - 40% - 18:14
2 - 36% - 30% - 16:14
3 - 21% - 20% - 9:15
4 - 2% - 10% - 0:56
PP Forward
1 - 53% - 60% - 3:35
2 - 47% - 40% - 3:09
PP Defense
1 - 58% - 60% - 3:53
2 - 42% - 40% - 2:51
PK Forward
1 - 67% - 60% - 5:46
2 - 33% - 40% - 2:51
PK Defense
1 - 66% - 60% - 5:40
2 - 34% - 40% - 2:57
PK3 Forward
1 - 0% - 60%
2 - 0% - 40%
PK3 Defense
1 - 0% - 60%
2 - 0% - 40%
44 Forward
1 - 0% - 60%
2 - 0% - 40%
44 Defense
1 - 0% - 60%
2 - 0% - 40%
Last Minute Offensive - 0:00
Last Minute Defensive - 0:00
Total
Forward - 60:00
Defense - 60:00
|
Play by Play
1st period
0:01 of 1st period - Jason Williams wins face-off versus Mikael Backlund in neutral zone.
0:04 of 1st period - Dustin Kohn is hit by Max Pacioretty and loses puck.
0:32 of 1st period - Wrist shot by Pat Dwyer.
0:32 of 1st period - Stopped by Semyon Varlamov without a rebound.
0:33 of 1st period - David Desharnais wins face-off versus Kyle Turris in Sewer Rats zone.
1:04 of 1st period - Wrist shot by Magnus Paajarvi-Svensson.
1:04 of 1st period - Deflect By David Desharnais.
1:04 of 1st period - Shot Misses the Net.
1:04 of 1st period - Puck is out of play.
1:05 of 1st period - Brandon Sutter wins face-off versus Chris Mueller in Sewer Rats zone.
1:10 of 1st period - Igor Makarov is hit by Steven Kampfer and loses puck.
1:41 of 1st period - Slapshot by Mikael Backlund.
1:41 of 1st period - Shot Blocked by Jason Williams.
2:09 of 1st period - Minor Penalty to Sergei Andronov for Hooking.
2:10 of 1st period - Jason Williams wins face-off versus Mikael Backlund in National zone.
2:37 of 1st period - Brandon Sutter is hit by David Desharnais.
2:45 of 1st period - Wrist shot by Mark Mancari.
2:45 of 1st period - Stopped by Keith Kinkaid with a rebound.
4:09 of 1st period - Penalty to Sergei Andronov is over, Sergei Andronov is back on ice.
4:20 of 1st period - Snap shot by Johannes Salmonsson.
4:20 of 1st period - Shot Blocked by Steven Kampfer.
4:22 of 1st period - Slapshot by Ty Wishart.
4:22 of 1st period - Shot Misses the Net.
4:24 of 1st period - Backhand shot by Johannes Salmonsson.
4:24 of 1st period - Shot Misses the Net.
4:26 of 1st period - Snap shot by Ty Wishart.
4:26 of 1st period - Stopped by Semyon Varlamov with a rebound.
4:44 of 1st period - Minor Penalty to Patrick Bordeleau for Hooking.
4:45 of 1st period - Jason Williams wins face-off versus Mikael Backlund in Sewer Rats zone.
4:58 of 1st period - Snap shot by Guillaume Desbiens.
4:58 of 1st period - Shot Misses the Net.
5:12 of 1st period - Jason Williams is hit by Pat Dwyer.
5:40 of 1st period - Mikael Backlund is hit by Ville Leino and loses puck.
5:54 of 1st period - Icing by Denis Bodrov.
5:55 of 1st period - Kyle Turris wins face-off versus David Desharnais in National zone.
6:18 of 1st period - Mikael Backlund is hit by Max Pacioretty and loses puck.
6:44 of 1st period - Penalty to Patrick Bordeleau is over, Patrick Bordeleau is back on ice.
6:57 of 1st period - Kyle Quincey is hit by Rico Fata and loses puck.
7:16 of 1st period - Slapshot by Ville Leino.
7:16 of 1st period - Shot Blocked by Cédric Lalonde-McNicoll.
7:18 of 1st period - Wrist shot by Ville Leino.
7:18 of 1st period - Shot Blocked by Kristoffer Berglund.
7:20 of 1st period - Slapshot by John-Michael Liles.
7:20 of 1st period - Deflect By Mark Mancari.
7:20 of 1st period - Stopped by Keith Kinkaid with a rebound.
7:22 of 1st period - Snap shot by Mark Mancari.
7:22 of 1st period - Shot Blocked by Sergei Andronov.
7:24 of 1st period - Slapshot by Kyle Quincey.
7:24 of 1st period - Shot Blocked by Johannes Salmonsson.
8:06 of 1st period - David Desharnais is hit by John Erskine and loses puck.
8:17 of 1st period - Erik Gustafsson is hit by Derek Dorsett and loses puck.
8:32 of 1st period - Slapshot by Mikael Backlund.
8:32 of 1st period - Shot Misses the Net.
8:46 of 1st period - Wrist shot by Mark Mancari.
8:46 of 1st period - Stopped by Keith Kinkaid with a rebound.
9:32 of 1st period - Minor Penalty to Guillaume Desbiens for Hooking.
9:33 of 1st period - Mikael Backlund wins face-off versus Jason Williams in National zone.
9:42 of 1st period - Slapshot by Rico Fata.
9:42 of 1st period - Stopped by Semyon Varlamov with a rebound.
10:09 of 1st period - Wrist shot by Mark Mancari.
10:09 of 1st period - Stopped by Keith Kinkaid with a rebound.
10:40 of 1st period - Wrist shot by David Desharnais.
10:40 of 1st period - Stopped by Semyon Varlamov without a rebound.
10:41 of 1st period - Jason Williams wins face-off versus David Desharnais in Sewer Rats zone.
11:32 of 1st period - Penalty to Guillaume Desbiens is over, Guillaume Desbiens is back on ice.
12:14 of 1st period - Lars Eller is hit by Pasi Salonen and loses puck.
12:31 of 1st period - Erik Gustafsson is hit by Steven Kampfer and loses puck.
13:11 of 1st period - Johannes Salmonsson is hit by Mark Mancari.
13:15 of 1st period - Brandon Sutter is hit by Dustin Kohn and loses puck.
13:46 of 1st period - Kyle Turris is hit by Chris Mueller and loses puck.
14:17 of 1st period - Slapshot by Kyle Okposo.
14:17 of 1st period - Stopped by Keith Kinkaid without a rebound.
14:18 of 1st period - Jason Williams wins face-off versus Cédric Lalonde-McNicoll in National zone.
14:29 of 1st period - Wrist shot by Jason Williams.
14:29 of 1st period - Shot Misses the Net.
14:50 of 1st period - Ty Wishart is hit by Max Pacioretty and loses puck.
15:03 of 1st period - Snap shot by Jason Williams.
15:03 of 1st period - Goal by Jason Williams - National : 0 - Sewer Rats : 1.
15:04 of 1st period - Mikael Backlund wins face-off versus Brandon Sutter in neutral zone.
15:11 of 1st period - Wrist shot by Mikael Backlund.
15:11 of 1st period - Shot Misses the Net.
15:13 of 1st period - Snap shot by Mikael Backlund.
15:13 of 1st period - Stopped by Semyon Varlamov with a rebound.
15:15 of 1st period - Wrist shot by Guillaume Desbiens.
15:15 of 1st period - Deflect By Pasi Salonen.
15:15 of 1st period - Shot Misses the Net.
15:15 of 1st period - Puck is out of play.
15:16 of 1st period - Mikael Backlund wins face-off versus Jason Williams in Sewer Rats zone.
15:21 of 1st period - Wrist shot by Mikael Backlund.
15:21 of 1st period - Stopped by Semyon Varlamov without a rebound.
15:22 of 1st period - Jason Williams wins face-off versus Mikael Backlund in Sewer Rats zone.
15:33 of 1st period - Slapshot by Mikael Backlund.
15:33 of 1st period - Shot Misses the Net.
15:35 of 1st period - Snap shot by Mikael Backlund.
15:35 of 1st period - Shot Misses the Net.
15:37 of 1st period - Snap shot by Mikael Backlund.
15:37 of 1st period - Stopped by Semyon Varlamov without a rebound.
15:38 of 1st period - Brandon Sutter wins face-off versus David Desharnais in Sewer Rats zone.
15:40 of 1st period - Minor Penalty to John-Michael Liles for Tripping.
15:41 of 1st period - Jason Williams wins face-off versus Mikael Backlund in Sewer Rats zone.
16:13 of 1st period - Snap shot by Magnus Paajarvi-Svensson.
16:13 of 1st period - Stopped by Semyon Varlamov with a rebound.
16:15 of 1st period - Slapshot by Dustin Kohn.
16:15 of 1st period - Stopped by Semyon Varlamov with a rebound.
16:17 of 1st period - Slapshot by Dustin Kohn.
16:17 of 1st period - Shot Blocked by Kyle Okposo.
16:37 of 1st period - Matt Lashoff is hit by David Desharnais and loses puck.
17:40 of 1st period - Penalty to John-Michael Liles is over, John-Michael Liles is back on ice.
17:56 of 1st period - Cédric Lalonde-McNicoll is hit by John-Michael Liles and loses puck.
18:01 of 1st period - Wrist shot by Vojtech Polak.
18:01 of 1st period - Stopped by Keith Kinkaid with a rebound.
18:05 of 1st period - Slapshot by Kyle Turris.
18:05 of 1st period - Goal by Kyle Turris - National : 0 - Sewer Rats : 2.
18:06 of 1st period - Mikael Backlund wins face-off versus Jason Williams in neutral zone.
18:12 of 1st period - Icing by Max Pacioretty.
18:13 of 1st period - Jason Williams wins face-off versus Mikael Backlund in Sewer Rats zone.
19:18 of 1st period - Kyle Quincey is hit by Philip Larsen and loses puck.
19:37 of 1st period - Cédric Lalonde-McNicoll is hit by Kyle Quincey and loses puck.
Goals for this period are 0 for National vs 2 for Sewer Rats.
Shots for this period are 9 for National vs 8 for Sewer Rats.
2nd period
0:01 of 2nd period - Mikael Backlund wins face-off versus Jason Williams in neutral zone.
0:30 of 2nd period - Wrist shot by Ville Leino.
0:30 of 2nd period - Shot Misses the Net.
0:32 of 2nd period - Slapshot by Mark Mancari.
0:32 of 2nd period - Goal by Mark Mancari - National : 0 - Sewer Rats : 3.
0:33 of 2nd period - Jason Williams wins face-off versus Mikael Backlund in neutral zone.
0:49 of 2nd period - Icing by Dustin Kohn.
0:50 of 2nd period - Mikael Backlund wins face-off versus Brandon Sutter in National zone.
1:12 of 2nd period - Off-side.
1:13 of 2nd period - Jason Williams wins face-off versus David Desharnais in neutral zone.
1:48 of 2nd period - Slapshot by Igor Makarov.
1:48 of 2nd period - Stopped by Semyon Varlamov with a rebound.
2:22 of 2nd period - Icing by Johannes Salmonsson.
2:23 of 2nd period - Cédric Lalonde-McNicoll wins face-off versus Kyle Turris in National zone.
2:29 of 2nd period - Off-side.
2:30 of 2nd period - Jason Williams wins face-off versus David Desharnais in neutral zone.
3:03 of 2nd period - Slapshot by Mark Mancari.
3:03 of 2nd period - Stopped by Keith Kinkaid with a rebound.
3:25 of 2nd period - Minor Penalty to Jonathan Paiement for Holding.
3:26 of 2nd period - Jason Williams wins face-off versus Mikael Backlund in Sewer Rats zone.
3:36 of 2nd period - Snap shot by Jason Williams.
3:36 of 2nd period - Stopped by Keith Kinkaid with a rebound.
4:11 of 2nd period - Kyle Okposo is hit by Guillaume Desbiens and loses puck.
5:01 of 2nd period - Icing by David Desharnais.
5:02 of 2nd period - Kyle Turris wins face-off versus Mikael Backlund in National zone.
5:07 of 2nd period - Snap shot by Kyle Turris.
5:07 of 2nd period - Shot Misses the Net.
5:25 of 2nd period - Penalty to Jonathan Paiement is over, Jonathan Paiement is back on ice.
5:29 of 2nd period - John Erskine is hit by Rico Fata and loses puck.
5:46 of 2nd period - Snap shot by Jason Williams.
5:46 of 2nd period - Shot Misses the Net.
5:48 of 2nd period - Snap shot by Matt Lashoff.
5:48 of 2nd period - Stopped by Keith Kinkaid with a rebound.
5:50 of 2nd period - Slapshot by John Erskine.
5:50 of 2nd period - Shot Blocked by Cédric Lalonde-McNicoll.
5:52 of 2nd period - Snap shot by Jonathan Paiement.
5:52 of 2nd period - Shot Misses the Net.
5:54 of 2nd period - Wrist shot by Jason Williams.
5:54 of 2nd period - Shot Misses the Net.
5:56 of 2nd period - Slapshot by John Erskine.
5:56 of 2nd period - Deflect By Max Pacioretty.
5:56 of 2nd period - Stopped by Keith Kinkaid with a rebound.
5:58 of 2nd period - Slapshot by John Erskine.
5:58 of 2nd period - Shot Blocked by Ty Wishart.
6:00 of 2nd period - Snap shot by Max Pacioretty.
6:00 of 2nd period - Stopped by Keith Kinkaid without a rebound.
6:01 of 2nd period - David Desharnais wins face-off versus Brandon Sutter in National zone.
6:10 of 2nd period - Backhand shot by Magnus Paajarvi-Svensson.
6:10 of 2nd period - Stopped by Semyon Varlamov with a rebound.
7:09 of 2nd period - John Erskine is hit by David Desharnais and loses puck.
7:18 of 2nd period - Slapshot by John-Michael Liles.
7:18 of 2nd period - Stopped by Keith Kinkaid with a rebound.
7:20 of 2nd period - Slapshot by John-Michael Liles.
7:20 of 2nd period - Stopped by Keith Kinkaid without a rebound.
7:21 of 2nd period - Mikael Backlund wins face-off versus Brandon Sutter in National zone.
7:28 of 2nd period - Pasi Salonen is hit by Mark Mancari.
7:53 of 2nd period - Snap shot by Pat Dwyer.
7:53 of 2nd period - Shot Misses the Net.
7:55 of 2nd period - Slapshot by Magnus Paajarvi-Svensson.
7:55 of 2nd period - Shot Misses the Net.
8:15 of 2nd period - Snap shot by Derek Dorsett.
8:15 of 2nd period - Goal by Derek Dorsett - National : 0 - Sewer Rats : 4.
8:15 of 2nd period - Tyler Plante enters game.
8:16 of 2nd period - Mikael Backlund wins face-off versus Jason Williams in neutral zone.
8:16 of 2nd period - Mikael Backlund is hit by Jason Williams.
8:22 of 2nd period - Snap shot by Mikael Backlund.
8:22 of 2nd period - Shot Blocked by John Erskine.
8:24 of 2nd period - Snap shot by Pasi Salonen.
8:24 of 2nd period - Shot Misses the Net.
8:26 of 2nd period - Wrist shot by Guillaume Desbiens.
8:26 of 2nd period - Stopped by Semyon Varlamov with a rebound.
8:28 of 2nd period - Wrist shot by Mikael Backlund.
8:28 of 2nd period - Shot Misses the Net.
8:30 of 2nd period - Slapshot by Pasi Salonen.
8:30 of 2nd period - Stopped by Semyon Varlamov with a rebound.
8:32 of 2nd period - Slapshot by Dustin Kohn.
8:32 of 2nd period - Shot Blocked by Kyle Quincey.
8:38 of 2nd period - Minor Penalty to Kyle Okposo for Hooking.
8:39 of 2nd period - Mikael Backlund wins face-off versus Jason Williams in Sewer Rats zone.
9:12 of 2nd period - Kyle Quincey is hit by Pat Dwyer and loses puck.
9:17 of 2nd period - Snap shot by David Desharnais.
9:17 of 2nd period - Shot Misses the Net.
9:19 of 2nd period - Slapshot by Denis Bodrov.
9:19 of 2nd period - Shot Misses the Net.
9:49 of 2nd period - Max Pacioretty is hit by Magnus Paajarvi-Svensson and loses puck.
10:38 of 2nd period - Penalty to Kyle Okposo is over, Kyle Okposo is back on ice.
10:41 of 2nd period - Wrist shot by Rico Fata.
10:41 of 2nd period - Shot Misses the Net.
10:43 of 2nd period - Slapshot by Philip Larsen.
10:43 of 2nd period - Shot Blocked by John-Michael Liles.
10:45 of 2nd period - Slapshot by Philip Larsen.
10:45 of 2nd period - Stopped by Semyon Varlamov with a rebound.
11:11 of 2nd period - Johannes Salmonsson is hit by Kyle Okposo and loses puck.
11:47 of 2nd period - Snap shot by Jason Williams.
11:47 of 2nd period - Shot Misses the Net.
11:59 of 2nd period - Wrist shot by Johannes Salmonsson.
11:59 of 2nd period - Stopped by Semyon Varlamov with a rebound.
12:01 of 2nd period - Snap shot by Johannes Salmonsson.
12:01 of 2nd period - Shot Misses the Net.
12:03 of 2nd period - Snap shot by Johannes Salmonsson.
12:03 of 2nd period - Stopped by Semyon Varlamov without a rebound.
12:04 of 2nd period - Brandon Sutter wins face-off versus Guillaume Desbiens in Sewer Rats zone.
12:04 of 2nd period - Brandon Sutter is hit by Pasi Salonen.
12:12 of 2nd period - Slapshot by Mark Mancari.
12:12 of 2nd period - Stopped by Tyler Plante without a rebound.
12:13 of 2nd period - Brandon Sutter wins face-off versus Mikael Backlund in National zone.
12:16 of 2nd period - Wrist shot by Mark Mancari.
12:16 of 2nd period - Stopped by Tyler Plante with a rebound.
12:28 of 2nd period - Snap shot by Brandon Sutter.
12:28 of 2nd period - Deflect By Ville Leino.
12:28 of 2nd period - Shot Blocked by Guillaume Desbiens.
12:28 of 2nd period - Puck is out of play.
12:29 of 2nd period - Kyle Turris wins face-off versus Pat Dwyer in National zone.
12:55 of 2nd period - Pasi Salonen is hit by Steven Kampfer and loses puck.
13:00 of 2nd period - Wrist shot by Ville Leino.
13:00 of 2nd period - Stopped by Tyler Plante with a rebound.
13:42 of 2nd period - Philip Larsen is hit by Kyle Turris and loses puck.
13:58 of 2nd period - Snap shot by Mikael Backlund.
13:58 of 2nd period - Shot Misses the Net.
14:00 of 2nd period - Minor Penalty to Ville Leino for Tripping.
14:01 of 2nd period - Jason Williams wins face-off versus Guillaume Desbiens in Sewer Rats zone.
14:36 of 2nd period - Snap shot by David Desharnais.
14:36 of 2nd period - Deflect By John-Michael Liles.
14:36 of 2nd period - Goal by David Desharnais - National : 1 - Sewer Rats : 4.
14:37 of 2nd period - Jason Williams wins face-off versus Mikael Backlund in neutral zone.
14:40 of 2nd period - Wrist shot by Max Pacioretty.
14:40 of 2nd period - Shot Misses the Net.
14:51 of 2nd period - Minor Penalty to Max Pacioretty for Hooking.
14:52 of 2nd period - Mikael Backlund wins face-off versus Jason Williams in Sewer Rats zone.
14:56 of 2nd period - Wrist shot by Mikael Backlund.
14:56 of 2nd period - Goal by Mikael Backlund - National : 2 - Sewer Rats : 4.
14:57 of 2nd period - Brandon Sutter wins face-off versus Mikael Backlund in neutral zone.
15:04 of 2nd period - Snap shot by Brandon Sutter.
15:04 of 2nd period - Deflect By Mikael Backlund.
15:04 of 2nd period - Stopped by Tyler Plante with a rebound.
15:06 of 2nd period - Snap shot by Mark Mancari.
15:06 of 2nd period - Goal by Mark Mancari - National : 2 - Sewer Rats : 5.
15:07 of 2nd period - Jason Williams wins face-off versus Mikael Backlund in neutral zone.
15:14 of 2nd period - Wrist shot by Pasi Salonen.
15:14 of 2nd period - Deflect By Guillaume Desbiens.
15:14 of 2nd period - Shot Misses the Net.
15:14 of 2nd period - Puck is out of play.
15:15 of 2nd period - Mikael Backlund wins face-off versus Max Pacioretty in Sewer Rats zone.
15:28 of 2nd period - Snap shot by Guillaume Desbiens.
15:28 of 2nd period - Goal by Guillaume Desbiens - National : 3 - Sewer Rats : 5.
15:29 of 2nd period - Brandon Sutter wins face-off versus Mikael Backlund in neutral zone.
15:29 of 2nd period - Brandon Sutter is hit by Pasi Salonen.
16:05 of 2nd period - Wrist shot by Jason Williams.
16:05 of 2nd period - Deflect By Max Pacioretty.
16:05 of 2nd period - Stopped by Tyler Plante without a rebound.
16:06 of 2nd period - Brandon Sutter wins face-off versus Mikael Backlund in National zone.
16:07 of 2nd period - Snap shot by Mark Mancari.
16:07 of 2nd period - Stopped by Tyler Plante with a rebound.
16:21 of 2nd period - Snap shot by Guillaume Desbiens.
16:21 of 2nd period - Stopped by Semyon Varlamov without a rebound.
16:22 of 2nd period - Jason Williams wins face-off versus David Desharnais in Sewer Rats zone.
16:22 of 2nd period - Jason Williams is hit by Pat Dwyer.
16:30 of 2nd period - Wrist shot by David Desharnais.
16:30 of 2nd period - Stopped by Semyon Varlamov without a rebound.
16:31 of 2nd period - Jason Williams wins face-off versus David Desharnais in Sewer Rats zone.
16:31 of 2nd period - Jason Williams is hit by Dustin Kohn.
16:39 of 2nd period - Snap shot by David Desharnais.
16:39 of 2nd period - Shot Blocked by Matt Lashoff.
16:41 of 2nd period - Wrist shot by Pat Dwyer.
16:41 of 2nd period - Stopped by Semyon Varlamov without a rebound.
16:42 of 2nd period - Brandon Sutter wins face-off versus Mikael Backlund in Sewer Rats zone.
17:07 of 2nd period - Brandon Sutter is hit by Rico Fata and loses puck.
17:20 of 2nd period - Wrist shot by Rico Fata.
17:20 of 2nd period - Shot Misses the Net.
17:32 of 2nd period - Slapshot by Kyle Quincey.
17:32 of 2nd period - Stopped by Tyler Plante with a rebound.
17:34 of 2nd period - Slapshot by Kyle Quincey.
17:34 of 2nd period - Stopped by Tyler Plante with a rebound.
17:36 of 2nd period - Wrist shot by Kyle Okposo.
17:36 of 2nd period - Shot Misses the Net.
17:38 of 2nd period - Wrist shot by Max Pacioretty.
17:38 of 2nd period - Deflect By Jason Williams.
17:38 of 2nd period - Stopped by Tyler Plante with a rebound.
17:40 of 2nd period - Snap shot by Kyle Okposo.
17:40 of 2nd period - Goal by Kyle Okposo - National : 3 - Sewer Rats : 6.
17:41 of 2nd period - Jason Williams wins face-off versus Mikael Backlund in neutral zone.
18:08 of 2nd period - Off-side.
18:09 of 2nd period - Brandon Sutter wins face-off versus David Desharnais in neutral zone.
18:21 of 2nd period - Snap shot by Magnus Paajarvi-Svensson.
18:21 of 2nd period - Shot Misses the Net.
18:23 of 2nd period - Slapshot by Ty Wishart.
18:23 of 2nd period - Stopped by Semyon Varlamov with a rebound.
Goals for this period are 3 for National vs 4 for Sewer Rats.
Shots for this period are 14 for National vs 20 for Sewer Rats.
3rd period
0:01 of 3rd period - Brandon Sutter wins face-off versus Pat Dwyer in neutral zone.
0:51 of 3rd period - Off-side.
0:52 of 3rd period - Cédric Lalonde-McNicoll wins face-off versus Kyle Turris in neutral zone.
0:54 of 3rd period - Minor Penalty to Cédric Lalonde-McNicoll for Roughing.
0:55 of 3rd period - Jason Williams wins face-off versus Mikael Backlund in National zone.
1:01 of 3rd period - Snap shot by Max Pacioretty.
1:01 of 3rd period - Shot Misses the Net.
1:03 of 3rd period - Wrist shot by Jason Williams.
1:03 of 3rd period - Deflect By Kyle Okposo.
1:03 of 3rd period - Shot Misses the Net.
1:03 of 3rd period - Puck is out of play.
1:04 of 3rd period - Mikael Backlund wins face-off versus Jason Williams in National zone.
1:41 of 3rd period - Wrist shot by Mark Mancari.
1:41 of 3rd period - Goal by Mark Mancari - National : 3 - Sewer Rats : 7.
1:42 of 3rd period - Brandon Sutter wins face-off versus David Desharnais in neutral zone.
1:58 of 3rd period - Slapshot by Pat Dwyer.
1:58 of 3rd period - Stopped by Semyon Varlamov without a rebound.
1:59 of 3rd period - Mikael Backlund wins face-off versus Jason Williams in Sewer Rats zone.
2:13 of 3rd period - Wrist shot by Jason Williams.
2:13 of 3rd period - Stopped by Tyler Plante without a rebound.
2:14 of 3rd period - David Desharnais wins face-off versus Brandon Sutter in National zone.
2:39 of 3rd period - Ville Leino is hit by Rico Fata and loses puck.
2:46 of 3rd period - Wrist shot by Brandon Sutter.
2:46 of 3rd period - Shot Misses the Net.
2:48 of 3rd period - Snap shot by Ville Leino.
2:48 of 3rd period - Shot Misses the Net.
2:50 of 3rd period - Wrist shot by Kyle Quincey.
2:50 of 3rd period - Goal by Kyle Quincey - National : 3 - Sewer Rats : 8.
2:50 of 3rd period - Keith Kinkaid enters game.
2:51 of 3rd period - Jason Williams wins face-off versus David Desharnais in neutral zone.
2:54 of 3rd period - Dustin Kohn is hit by Kyle Okposo and loses puck.
3:38 of 3rd period - Wrist shot by Rico Fata.
3:38 of 3rd period - Shot Misses the Net.
3:47 of 3rd period - Off-side.
3:48 of 3rd period - David Desharnais wins face-off versus Jason Williams in neutral zone.
3:57 of 3rd period - John Erskine is hit by Magnus Paajarvi-Svensson and loses puck.
4:45 of 3rd period - Wrist shot by Vojtech Polak.
4:45 of 3rd period - Stopped by Keith Kinkaid with a rebound.
4:47 of 3rd period - Snap shot by Vojtech Polak.
4:47 of 3rd period - Shot Blocked by Erik Gustafsson.
4:57 of 3rd period - Jonathan Paiement is hit by Cédric Lalonde-McNicoll and loses puck.
5:30 of 3rd period - Wrist shot by Pat Dwyer.
5:30 of 3rd period - Stopped by Semyon Varlamov without a rebound.
5:31 of 3rd period - Brandon Sutter wins face-off versus Mikael Backlund in Sewer Rats zone.
5:56 of 3rd period - Matt Lashoff is hit by Denis Bodrov.
6:16 of 3rd period - Snap shot by Vojtech Polak.
6:16 of 3rd period - Shot Misses the Net.
6:18 of 3rd period - Slapshot by Kyle Quincey.
6:18 of 3rd period - Stopped by Keith Kinkaid without a rebound.
6:19 of 3rd period - Kyle Turris wins face-off versus Chris Mueller in National zone.
6:22 of 3rd period - Snap shot by Vojtech Polak.
6:22 of 3rd period - Stopped by Keith Kinkaid without a rebound.
6:23 of 3rd period - Max Pacioretty wins face-off versus Mikael Backlund in National zone.
7:08 of 3rd period - Derek Dorsett is hit by Ty Wishart and loses puck.
7:15 of 3rd period - Snap shot by Igor Makarov.
7:15 of 3rd period - Shot Misses the Net.
7:17 of 3rd period - Wrist shot by Rico Fata.
7:17 of 3rd period - Stopped by Semyon Varlamov with a rebound.
7:19 of 3rd period - Snap shot by Chris Mueller.
7:19 of 3rd period - Shot Misses the Net.
7:29 of 3rd period - Johannes Salmonsson is hit by John Erskine and loses puck.
7:39 of 3rd period - Minor Penalty to Denis Bodrov for Interference.
7:40 of 3rd period - Jason Williams wins face-off versus Mikael Backlund in National zone.
7:50 of 3rd period - Wrist shot by Max Pacioretty.
7:50 of 3rd period - Shot Misses the Net.
7:52 of 3rd period - Wrist shot by John-Michael Liles.
7:52 of 3rd period - Shot Blocked by Rico Fata.
8:21 of 3rd period - Icing by Mark Mancari.
8:22 of 3rd period - Brandon Sutter wins face-off versus Mikael Backlund in Sewer Rats zone.
9:39 of 3rd period - Penalty to Denis Bodrov is over, Denis Bodrov is back on ice.
9:48 of 3rd period - Wrist shot by Vojtech Polak.
9:48 of 3rd period - Shot Misses the Net.
9:50 of 3rd period - Snap shot by Vojtech Polak.
9:50 of 3rd period - Goal by Vojtech Polak - National : 3 - Sewer Rats : 9.
9:51 of 3rd period - Jason Williams wins face-off versus David Desharnais in neutral zone.
10:18 of 3rd period - Wrist shot by Vojtech Polak.
10:18 of 3rd period - Deflect By Derek Dorsett.
10:18 of 3rd period - Stopped by Keith Kinkaid with a rebound.
10:46 of 3rd period - Wrist shot by David Desharnais.
10:46 of 3rd period - Shot Misses the Net.
10:48 of 3rd period - Snap shot by Magnus Paajarvi-Svensson.
10:48 of 3rd period - Shot Blocked by Ville Leino.
10:52 of 3rd period - Wrist shot by David Desharnais.
10:52 of 3rd period - Stopped by Semyon Varlamov with a rebound.
11:18 of 3rd period - Slapshot by David Desharnais.
11:18 of 3rd period - Shot Misses the Net.
11:59 of 3rd period - Wrist shot by Magnus Paajarvi-Svensson.
11:59 of 3rd period - Deflect By Mark Mancari.
11:59 of 3rd period - Stopped by Semyon Varlamov without a rebound.
12:00 of 3rd period - Kyle Okposo wins face-off versus Mikael Backlund in Sewer Rats zone.
12:55 of 3rd period - Slapshot by Johannes Salmonsson.
12:55 of 3rd period - Stopped by Semyon Varlamov without a rebound.
12:56 of 3rd period - Jason Williams wins face-off versus Cédric Lalonde-McNicoll in Sewer Rats zone.
14:51 of 3rd period - Igor Makarov is hit by John-Michael Liles and loses puck.
16:40 of 3rd period - Wrist shot by Guillaume Desbiens.
16:40 of 3rd period - Shot Misses the Net.
16:46 of 3rd period - Ty Wishart is hit by Mark Mancari.
17:19 of 3rd period - Icing by John-Michael Liles.
17:20 of 3rd period - Brandon Sutter wins face-off versus David Desharnais in Sewer Rats zone.
17:26 of 3rd period - Off-side.
17:27 of 3rd period - Jason Williams wins face-off versus Magnus Paajarvi-Svensson in neutral zone.
17:59 of 3rd period - Wrist shot by Rico Fata.
17:59 of 3rd period - Stopped by Semyon Varlamov with a rebound.
18:39 of 3rd period - Snap shot by Kristoffer Berglund.
18:39 of 3rd period - Shot Misses the Net.
19:37 of 3rd period - Wrist shot by Lars Eller.
19:37 of 3rd period - Stopped by Keith Kinkaid with a rebound.
19:55 of 3rd period - Snap shot by Mark Mancari.
19:55 of 3rd period - Stopped by Keith Kinkaid with a rebound.
Goals for this period are 0 for National vs 3 for Sewer Rats.
Shots for this period are 7 for National vs 10 for Sewer Rats.
Output by the SimonT Hockey Simulator (STHS) for François Prévost -- Original Page W3C XHTML 1.0 Valid